 Dungeon Crawl Stone Soup version 0.26-a0-201-gb271ac0e06 (webtiles) character file.

Game seed: 16535146889763868208

97 Flugkiller the Firebug (level 4, 4/27 HPs)
             Began as an Octopode Fire Elementalist on July 5, 2020.
             Quit the game on level 5 of the Dungeon.
             The game lasted 00:08:13 (690 turns).

Flugkiller the Firebug (Octopode Fire Elementalist)  Turns: 690, Time: 00:08:14

Health: 4/27       AC:  1    Str:  3    XL:     4   Next: 68%
Magic:  0/0        EV: 13    Int: 18    God:
Gold:   65         SH:  0    Dex: 12    Spells: 4/8 levels left

rFire    . . .     SeeInvis .   a - +0 short sword
rCold    . . .     Faith    .   (no shield)
rNeg     . . .     Spirit   .   (helmet restricted)
rPois    +         Reflect  .   (no amulet)
rElec    .         Harm     .   k - ring of Taej {rPois MR+ MP-9 Str-4} (curse)
rCorr    .                      (no ring)
MR       +....                  (no ring)
Stlth    +++.......             (no ring)
HPRegen  0.09/turn              (no ring)
MPRegen  0.07/turn              (no ring)
                                (no ring)
                                (no ring)

@: no status effects
A: almost no armour, stealthy swim, amphibious, 8 rings, constrict 8, camouflage
1, gelatinous body 1
a: no special abilities


You were on level 5 of the Dungeon.
You were not hungry.

You visited 1 branch of the dungeon, and saw 5 of its levels.

You collected 65 gold pieces.

Inventory:

Hand Weapons
 a - a +0 short sword (weapon)
   (You took it off a kobold on level 1 of the Dungeon)
Missiles
 g - 18 poisoned darts (quivered)
 h - 57 arrows
Jewellery
 k - the cursed ring of Taej (left tentacle) {rPois MR+ MP-9 Str-4}
   (You found it on level 4 of the Dungeon)

   [ring of strength]

   It affects your strength (-4).
   It protects you from poison.
   It affects your resistance to hostile enchantments.
   It affects your magic capacity (-9).
   It has a curse placed upon it.
Scrolls
 c - 2 scrolls of teleportation
 d - a scroll of blinking
 e - a scroll of amnesia
Comestibles
 b - 3 rations
 j - a chunk of flesh


   Skills:
 - Level 2.0 Dodging
 - Level 2.6 Stealth
 + Level 2.6 Spellcasting
 * Level 2.8 Conjurations
 * Level 4.0 Fire Magic


You had 4 spell levels left.
You knew the following spells:

 Your Spells              Type           Power        Failure   Level  Hunger
a - Foxfire               Conj/Fire      ##..         4%          1    #......
b - Conjure Flame         Conj/Fire      ##......     13%         3    ###....

Your spell library contained the following spells:

 Spells                   Type           Power        Failure   Level  Hunger
 Inner Flame              Hex/Fire       #.......     22%         3    ###....
 Sticky Flame             Conj/Fire      ##......     38%         4    #####..
 Fireball                 Conj/Fire      ##........   75%         5    ######.


Dungeon Overview and Level Annotations

Branches:
Dungeon (4/15)
 Temple: D:4-7

Altars:
Trog


Innate Abilities, Weirdness & Mutations

You cannot wear most types of armour.
You are very stealthy in the water. (Stealth+)
You are amphibious.
You can wear up to eight rings at the same time.
You can use your tentacles to constrict eight enemies at once.
Your skin changes colour to match your surroundings (Stealth+).
Your rubbery body absorbs attacks. (AC +1, EV +1)


Message History

Confirm with . or Enter, or press ? or * to list all spells.
You conjure some foxfire!
The foxfire hits the leopard gecko.
The leopard gecko is severely wounded.
The leopard gecko hisses angrily.
The foxfire hits the leopard gecko.
The leopard gecko is almost dead.
Casting: Foxfire (safe; 4% risk of failure)
Confirm with . or Enter, or press ? or * to list all spells.
You conjure some foxfire!
You hit the leopard gecko.
You kill the leopard gecko!
Your foxfire dissipates!
k - a twitching tin ring You feel weaker.
You feel your magic capacity decrease.
Oops, that ring feels deathly cold.
k - the cursed ring of Taej (left tentacle) {rPois MR+ MP-9 Str-4} 2 gnolls come into view.
As you read the scroll labeled XOITHU QEME, it crumbles to dust.
It is a scroll of identify.
d - a scroll of blinking
As you read the scroll of identify, it crumbles to dust.
i - a scroll of random uselessness
As you read the scroll of identify, it crumbles to dust.
e - a scroll of amnesia
As you read the scroll of identify, it crumbles to dust.
c - a scroll of teleportation Drop what? 10/52 slots (_ for help) (? for menu, Esc to quit)
You drop a scroll of random uselessness.
Found 15 gold pieces.
A crocodile comes into view.
You fall into a shaft and drop 1 floor!
The shaft crumbles and collapses.
Found a scroll of teleportation.
Found a stone staircase leading up.
c - 2 scrolls of teleportation (gained 1)
Found a jewelled fluorescent wand.
There is a stone staircase leading up here.
A white imp comes into view.
The white imp shouts, "Fly, thou craven flat-headed prigger-of-prances!"
The white imp moves out of view.
A centaur comes into view.
The white imp gestures at you. The puff of frost hits you.
* * * LOW HITPOINT WARNING * * *
The white imp gestures at you. The puff of frost hits you!
* * * LOW HITPOINT WARNING * * *
You aren't carrying any potions.
Okay, then.
Are you sure you want to abandon this character and quit the game? (Confirm with "yes".)

## .# . ##.#
.c #..# ...
##..# ....
#...# .....##
#...#
..../5.###...#
#...#@..#
###5...##
###..<# ###..#
####


You could see a white imp.

Vanquished Creatures
  A worker ant (D:3)
  3 adders (D:2)
  An ooze (D:3)
  A worm (D:2)
  A dart slug (D:1)
  3 leopard geckos
  An orc (D:3)
  A giant cockroach (D:3)
  4 goblins
  6 jackals
  7 kobolds
  A quokka (D:2)
  2 frilled lizards
  3 rats
35 creatures vanquished.

Vanquished Creatures (others)
  72 foxfires
72 creatures vanquished.

Grand Total: 107 creatures vanquished

Notes
Turn   | Place    | Note
-------+----------+-------------------------------------------
     0 | D:1      | Flugkiller the Octopode Fire Elementalist began the quest
                  | for the Orb.
     0 | D:1      | Reached XP level 1. HP: 11/11 MP: 3/3
   140 | D:1      | Reached XP level 2. HP: 3/17 MP: 1/5
   268 | D:2      | Reached XP level 3. HP: 10/21 MP: 1/6
   394 | D:3      | Reached XP level 4. HP: 20/27 MP: 2/7
   503 | D:3      | Learned a level 3 spell: Conjure Flame
   505 | D:4      | Noticed an ogre
   586 | D:3      | Reached skill level 4 in Fire Magic
   629 | D:4      | Found a bloodstained altar of Trog.
   641 | D:4      | Got a twitching tin ring
   642 | D:4      | Identified the cursed ring of Taej {rPois MR+ MP-9 Str-4}
                  | (You found it on level 4 of the Dungeon)
   668 | D:4      | Noticed a crocodile
   671 | D:4      | You fall into a shaft and drop 1 floor!
   671 | D:5      | Entered Level 5 of the Dungeon
   682 | D:5      | Noticed a centaur
   690 | D:5      | Quit the game

Illustrated notes

Levels and vault maps discovered:
D:1:      wheals_arrival_linesprint, layout_rooms, minmay_distorted
D:2:      cheibrodos_helix_gallery, layout_loops_ring, first_ration
D:3:      layout_basic
D:4:      layout_cave_pools, lemuel_doored_altar, serial_shops,
          nicolae_shop_crystal, uniq_robin
D:5:      layout_cave_pods, kennysheep_little_box, gammafunk_ghost_grave,
          uniq_ijyb

Skill      XL: |  1  2  3  4 |
---------------+-------------+-----
Conjurations   | 2 |  2.8
Fire Magic     | 4 |  4.0
Dodging        | |  2.0
Stealth        | |  2.6
Spellcasting   | |  2.6

Action                   |  1- 3 |  4- 6 || total
-------------------------+-------+-------++-------
Melee: Short sword       |    16 |     9 ||    25
       Constrict         |     5 |     2 ||     7
       Tentacles         |     2 |       ||     2
 Cast: Foxfire           |    25 |    18 ||    43
  Use: Scroll            |       |     4 ||     4
 Stab: Sleeping          |     3 |     2 ||     5
Armor: Skin              |     2 |     1 ||     3
Dodge: Dodged            |    16 |    14 ||    30

Table legend:
 A = Non-vault XP
 B = Vault XP
 C = Vault XP percentage of total XP
 D = Non-vault monster count
 E = Vault monster count
 F = Vault count percentage of total count
                 A         B        C        D         E       F
            +---------+---------+-------+---------+---------+-------
      Total |     124 |      15 |  10.8 |      33 |       2 |   5.7
            +---------+---------+-------+---------+---------+-------
        D:1 |      23 |       0 |   0.0 |      12 |       0 |   0.0
        D:2 |      43 |      15 |  25.9 |      10 |       2 |  16.7
        D:3 |      55 |       0 |   0.0 |      10 |       0 |   0.0
        D:4 |       3 |       0 |   0.0 |       1 |       0 |   0.0
            +---------+---------+-------+---------+---------+-------
